 Dungeon Crawl Stone Soup version 0.29.1-12-g30fa7ad0bf (webtiles) character file.

Game seed: 2992111174878598220

37536 RapScallion the Impaler (level 13, 0/186 HPs)
             Began as a Hill Orc Fighter on Jan 14, 2023.
             Was a High Priest of Trog.
             Slain by a komodo dragon (5 damage)
             ... while petrified by a basilisk
             ... on level 5 of the Lair of Beasts on Jan 15, 2023.
             The game lasted 02:03:47 (17982 turns).

RapScallion the Impaler (Hill Orc Fighter)         Turns: 17982, Time: 02:03:48

Health: 0/186      AC: 30    Str: 33    XL:     13   Next: 97%
Magic:  13/13      EV:  2    Int:  8    God:    Trog [*****.]
Gold:   1084       SH:  0    Dex: 10    Spells: 12/12 levels left

rFire   . . .      SeeInvis +   D - +1 trident "Grim" {vorpal, rElec rPois SInv}
rCold   . . .      Faith    .   R - +0 tower shield
rNeg    + + +      Spirit   .   (body armour currently unavailable)
rPois   ∞          Reflect  .   (helmet currently unavailable)
rElec   +          Harm     .   (cloak currently unavailable)
rCorr   .          Rampage  .   (gloves currently unavailable)
Will    .....      NoTele   +   (boots currently unavailable)
Stlth   +.........              k - amulet of Balance {Regen+ Str+3}
HPRegen 1.21/turn               n - +6 ring of strength
MPRegen 0.13/turn               I - +4 ring of protection

@: tree-form, petrified
A: stationary, stasis, torment immunity, boosted hp
a: Renounce Religion, Berserk, Trog's Hand, Brothers in Arms


You were on level 5 of the Lair of Beasts.
You worshipped Trog.
Trog was extremely pleased with you.
You were a tree.
You visited 3 branches of the dungeon, and saw 17 of its levels.
You also visited: Ossuary.

You collected 1144 gold pieces.
You spent 60 gold pieces at shops.

Inventory:

Hand Weapons
 a - a +2 war axe of electrocution
 z - a +5 spear of protection
 D - the +1 trident "Grim" (weapon) {vorpal, rElec rPois SInv}
   (You found it on level 6 of the Dungeon)

   It inflicts extra damage upon your enemies.
   rElec:     It insulates you from electricity.
   rPois:     It protects you from poison.
   SInv:      It lets you see invisible.
 F - a +5 hand axe of electrocution
Missiles
 u - 35 poisoned darts (quivered)
 O - a throwing net
Armour
 b - a +1 pair of gloves (melded)
 f - a +2 cloak (melded)
 g - a +0 helmet (melded)
 m - the +3 pair of seven-league boots (melded) {Rampage+∞}
   (You acquired it on level 2 of the Lair of Beasts)

   Its wearer moves as far as possible in that direction when moving towards
   enemies.
 q - a +3 ring mail of willpower (melded)
 L - a +5 ring mail
 R - a +0 tower shield (worn)
Jewellery
 k - the amulet of Balance (around neck) {Regen+ Str+3}
   (You acquired it on level 4 of the Dungeon)

   [amulet of regeneration]

   Str:       It affects your strength (+3).
   Regen:     It increases your rate of health regeneration.
 n - a +6 ring of strength (left branch)
 r - a ring of see invisible
 x - an amulet of reflection
 y - a ring of poison resistance
 I - a +4 ring of protection (right branch)
 K - a ring of protection from fire
 N - a ring of willpower
Wands
 c - a wand of polymorph (9)
 B - a wand of roots (14)
 P - a wand of digging (4)
Scrolls
 h - 5 scrolls of teleportation
 v - 5 scrolls of magic mapping
 A - 2 scrolls of butterflies
 E - a scroll of brand weapon
 J - 3 scrolls of fear
 Q - a scroll of torment {unknown}
Potions
 d - 8 potions of might
 e - 4 potions of flight
 i - 3 potions of haste
 j - 4 potions of invisibility
 l - 8 potions of curing
 o - a potion of lignification
 p - 2 potions of magic
 s - 3 potions of mutation
 t - 8 potions of heal wounds
 w - 4 potions of ambrosia
 H - a potion of cancellation {unknown}
 M - a potion of brilliance {unknown}


   Skills:
 + Level 14.1 Fighting
 + Level 4.1(12.6) Axes
 + Level 15.6(15.7) Polearms
 + Level 11.0 Armour
 - Level 0.4 Dodging
 - Level 0.1 Stealth
 + Level 12.9 Shields


You had 12 spell levels left.
You didn't know any spells.
Your spell library contained the following spells:

 Spells                   Type           Power      Damage    Failure   Level
 Foxfire                  Conj/Fire      0%         2x1d4     89%         1
 Summon Small Mammal      Summ           0%         N/A       89%         1
 Ensorcelled Hibernation  Hex/Ice        0%         N/A       96%         2
 Passwall                 Tmut/Erth      0%         N/A       96%         2
 Poisonous Vapours        Pois/Air       0%         N/A       96%         2
 Call Canine Familiar     Summ           0%         N/A       99%         3
 Conjure Flame            Conj/Fire      0%         6-21      99%         3
 Inner Flame              Hex/Fire       0%         N/A       99%         3
 Summon Guardian Golem    Hex/Summ       0%         N/A       99%         3
 Swiftness                Air            0%         N/A       99%         3
 Corpse Rot               Necr/Pois/Air  0%         N/A       100%        4
 Flame Wave               Conj/Fire      0%         2d4       100%        4


Dungeon Overview and Level Annotations

Branches:
Dungeon (11/15)            Temple (1/1) D:7            Lair (5/5) D:10
 Shoals (0/4) Lair:3        Snake (0/4) Lair:2        Slime (0/5) Lair:4
Ossuary (visited)
    Orc: D:9-12

Altars:
Ashenzari
Cheibriados
Dithmenos
Elyvilon
Fedhas
Gozag
Hepliaklqana
Kikubaaqudgha
Makhleb
Nemelex Xobeh
Okawaru
Qazlal
Ru
Sif Muna
Trog
Uskayaw
Wu Jian
Xom
Yredelemnul
Zin
The Shining One

Shops:
D:3 :   D:4 !   D:7 ?

Annotations:
D:7 2 transporters
Temple 4 transporters


Message History

You no longer feel ready to stride towards your foes.
You feel less strong-willed.
Your roots penetrate the ground.
You block the basilisk's attack.
The komodo dragon bites you but does no damage.
The basilisk bites you but does no damage.
The komodo dragon bites you!
* * * LOW HITPOINT WARNING * * *
You block the komodo dragon's attack. The komodo dragon bites you!
* * * LOW HITPOINT WARNING * * *
Your limbs are stiffening.
You cannot teleport because you are held in place by your roots.
Unknown command.
Unknown command.
Unknown command.
Unknown command.
You hit the basilisk.
The basilisk is lightly wounded.
You block the komodo dragon's attack. x2; The basilisk bites you!
* * * LOW HITPOINT WARNING * * *
The komodo dragon bites you!
* * * LOW HITPOINT WARNING * * *
You have turned to stone.
The komodo dragon bites you!
* * * LOW HITPOINT WARNING * * *
The komodo dragon bites you but does no damage.
The komodo dragon bites you!
* * * LOW HITPOINT WARNING * * *
The basilisk gazes at you.
You easily resist.
The basilisk bites you but does no damage.
The komodo dragon bites you but does no damage.
The komodo dragon bites you!
* * * LOW HITPOINT WARNING * * *
The komodo dragon bites you but does no damage.
The basilisk bites you but does no damage.
The komodo dragon bites you but does no damage. x2
The komodo dragon bites you!
* * * LOW HITPOINT WARNING * * *
The komodo dragon bites you!
You die...

...............
...............
.<..
...............
....
.............##
....
............##
#### ....
.........#
###§≈# ....
.......##
###≈≈≈≈ #...
....####
###≈≈§≈.## #.
...##
#8≈§≈..♣l# #
..##
#≈≈...lll.# ##
..#
≈≈###..D.....
#. ..##
8.........8#
##. ...#
##.........##
#.. ...#
...........#
#.. ...#
#....^....#.≈
### ...#
##........#.. #
..##


You could see a five-headed hydra, 3 komodo dragons and a basilisk.

Vanquished Creatures
  2 boulder beetles
  A hydra (Lair:4)
  A two-headed ogre (D:9)
  3 catoblepae
  3 death yaks (D:10)
  A lindwurm (Lair:2)
  2 wolf spiders (Lair:1)
  4 black mambas
  Maurice (D:10)
  A torpor snail (Lair:2)
  6 elephants (Lair:3)
  16 cane toads
  A rime drake (Lair:2)
  3 komodo dragons
  2 kobold demonologists
  2 trolls (D:10)
  3 polar bears
  Prince Ribbit (D:9)
  11 blink frogs
  12 dream sheep
  29 yaks
  Eustachio (D:5)
  5 basilisks
  5 wyverns
  Menkaure (D:4)
  A naga (Lair:2)
  Edmund (D:5)
  4 vampire mosquitoes (D:10)
  11 water moccasins
  2 acid dragons
  2 hell hounds (Lair:5)
  3 sky beasts
  2 ice beasts
  4 orc warriors
  2 ogres (D:7)
  17 wolves
  10 centaurs
  A phantom (D:6)
  3 kobold brigands
  2 necrophages
  13 bullfrogs
  A gnoll sergeant (D:8)
  6 scorpions
  10 wights
  4 killer bees (D:10)
  3 howler monkeys
  5 hounds
  4 centaur zombies (Ossuary)
  4 jellies
  3 orc priests
  3 iguanas
  8 orc wizards
  2 hell rats (D:10)
  Ijyb (D:4)
  7 mummies
  4 river rats (D:10)
  13 adders
  14 gnolls
  A shadow imp (D:7)
  2 white imps
  3 ufetubi
  6 worms
  26 orcs
  5 bats
  A bat zombie (D:9)
  19 endoplasms
  3 giant cockroaches
  11 hobgoblins
  6 quokkas
  7 ball pythons
  5 frilled lizards
  9 goblins
  2 goblin zombies (D:5)
  2 hobgoblin zombies (Ossuary)
  15 kobolds
  4 rats
414 creatures vanquished.

Vanquished Creatures (others)
  28 fungi
  27 plants
55 creatures vanquished.

Grand Total: 469 creatures vanquished

Notes
Turn   | Place    | Note
-------+----------+-------------------------------------------
     0 | D:1      | RapScallion the Hill Orc Fighter began the quest for the
                  | Orb.
     0 | D:1      | Reached XP level 1. HP: 19/19 MP: 1/1
   310 | D:1      | Reached XP level 2. HP: 27/27 MP: 2/2
  1148 | D:1      | Reached XP level 3. HP: 31/33 MP: 3/3
  1749 | D:2      | Reached XP level 4. HP: 32/40 MP: 4/4
  2477 | D:2      | Reached skill level 1 in Polearms
  2477 | D:2      | Reached XP level 5. HP: 46/46 MP: 5/5
  3424 | D:3      | Reached skill level 2 in Polearms
  3653 | D:3      | Reached XP level 6. HP: 53/53 MP: 6/6
  3862 | D:3      | Found a faded altar of an unknown god.
  3982 | D:3      | Found a snail-covered altar of Cheibriados.
  4350 | D:3      | Found Hokkib's Book Shoppe.
  4484 | D:4      | Reached skill level 5 in Armour
  4801 | D:4      | Reached skill level 3 in Polearms
  5163 | D:4      | Noticed Ijyb
  5178 | D:4      | Reached skill level 4 in Polearms
  5178 | D:4      | Reached XP level 7. HP: 27/60 MP: 7/7
  5200 | D:4      | Killed Ijyb
  5472 | D:4      | Found Jiri God's Distillery.
  5970 | D:4      | Noticed Menkaure
  5980 | D:4      | Killed Menkaure
  5981 | D:4      | Reached skill level 5 in Fighting
  5981 | D:4      | Reached skill level 5 in Polearms
  6331 | D:4      | Identified a scroll of acquirement
  6331 | D:4      | Acquired the amulet of Balance {Regen+ Str+3}
  6345 | D:5      | Entered Level 5 of the Dungeon
  6345 | D:5      | Noticed Eustachio
  6367 | D:5      | Killed Eustachio
  6368 | D:5      | Reached skill level 5 in Shields
  6368 | D:5      | Reached XP level 8. HP: 60/68 MP: 8/8
  6425 | D:5      | Noticed Edmund
  6446 | D:5      | Killed Edmund
  6451 | D:5      | Reached skill level 6 in Polearms
  6514 | D:5      | Found a sand-covered staircase.
  6524 | Ossuary  | Entered an ossuary
  6732 | D:5      | Found a bloodstained altar of Trog.
  6809 | D:5      | Found a shimmering blue altar of Sif Muna.
  6841 | D:5      | Reached skill level 7 in Polearms
  7070 | D:5      | Became a worshipper of Trog the Wrathful
  7093 | D:6      | Reached XP level 9. HP: 60/75 MP: 9/9
  7313 | D:6      | Found a large runed translucent door.
  7314 | D:6      | Found a large runed translucent door.
  7336 | D:6      | Reached skill level 8 in Polearms
  7572 | D:6      | Identified the +1 trident "Grim" {vorpal, rElec rPois SInv}
  7609 | D:6      | Reached * piety under Trog
  8004 | D:6      | Found a broken altar of Ashenzari.
  8013 | D:6      | Reached skill level 9 in Polearms
  8030 | D:6      | Found a hide-covered altar of Uskayaw.
  8448 | D:7      | Reached XP level 10. HP: 72/86 MP: 10/10
  8563 | D:7      | Found a staircase to the Ecumenical Temple.
  8572 | Temple   | Entered the Ecumenical Temple
  8572 | Temple   | Found a transporter.
  8572 | Temple   | Found a transporter.
  8574 | Temple   | Found a transporter.
  8574 | Temple   | Found a transporter.
  8812 | D:7      | You fall into a shaft and drop 1 floor!
  8881 | D:8      | Reached ** piety under Trog
  8901 | D:8      | Found an iron altar of Okawaru.
  9062 | D:7      | Noticed a gargoyle
  9063 | D:7      | Noticed a fire dragon
  9064 | D:7      | Found a transporter.
  9114 | D:7      | Found Xizo Waqu's Magic Scroll Emporium.
  9121 | D:7      | Bought a scroll of identify for 30 gold pieces
  9121 | D:7      | Bought a scroll of identify for 30 gold pieces
  9237 | D:7      | Found a transporter.
  9259 | D:7      | Noticed a green ugly thing
  9259 | D:7      | Noticed a cyan ugly thing
  9373 | D:8      | Reached skill level 10 in Polearms
  9520 | D:8      | Found an opulent altar of Gozag.
 10096 | D:9      | Noticed a two-headed ogre
 10123 | D:9      | Killed a two-headed ogre
 10124 | D:9      | Reached skill level 11 in Polearms
 10132 | D:9      | Noticed a kobold demonologist
 10149 | D:9      | Killed a kobold demonologist
 10188 | D:9      | Found an ancient bone altar of Kikubaaqudgha.
 10262 | D:9      | Reached *** piety under Trog
 10281 | D:9      | Reached XP level 11. HP: 41/95 MP: 11/11
 10512 | D:9      | Noticed Prince Ribbit
 10516 | D:9      | Killed Prince Ribbit
 10682 | D:9      | Found a shimmering altar of Xom.
 10870 | D:10     | Entered Level 10 of the Dungeon
 10981 | D:10     | Noticed a death yak
 10995 | D:10     | Killed a death yak
 11009 | D:10     | Noticed a death yak
 11012 | D:10     | Noticed a death yak
 11032 | D:10     | Noticed a soul eater
 11040 | D:10     | Killed a death yak
 11041 | D:10     | Reached skill level 12 in Polearms
 11100 | D:10     | Killed a death yak
 11135 | D:10     | Noticed a sun demon
 11140 | D:10     | Noticed a sixfirhy
 11173 | D:10     | Found a staircase to the Lair.
 11575 | D:10     | Noticed Maurice
 11610 | D:10     | Reached **** piety under Trog
 11635 | D:10     | Killed Maurice
 11687 | D:10     | Reached skill level 10 in Fighting
 11702 | D:10     | Reached skill level 13 in Polearms
 12083 | Lair:1   | Entered Level 1 of the Lair of Beasts
 12133 | Lair:1   | Reached XP level 12. HP: 103/106 MP: 12/12
 12309 | Lair:1   | Reached skill level 10 in Shields
 12600 | Lair:1   | Reached skill level 14 in Polearms
 12600 | Lair:1   | Reached skill level 10 in Armour
 12733 | Lair:1   | Noticed a boulder beetle
 12749 | Lair:1   | Killed a boulder beetle
 13647 | Lair:2   | Noticed a boulder beetle
 13675 | Lair:2   | You fall into a shaft and drop 2 floors!
 13784 | Lair:3   | Reached XP level 13. HP: 110/118 MP: 13/13
 13949 | Lair:3   | Identified the +6 long sword "Verar" {vorpal, rElec Will+
                  | rCorr Dex-4}
 14383 | Lair:3   | Reached skill level 15 in Polearms
 14447 | Lair:2   | Reached ***** piety under Trog
 14575 | Lair:2   | Acquired the +3 pair of seven-league boots {Rampage+∞}
 14575 | Lair:2   | Found the +3 pair of seven-league boots {Rampage+∞}
 14905 | Lair:2   | Found a staircase to the Snake Pit.
 15244 | Lair:3   | Found a staircase to the Shoals.
 15709 | Lair:4   | Found a staircase to the Slime Pits.
 17156 | Lair:5   | Entered Level 5 of the Lair of Beasts
 17980 | Lair:5   | HP: 8/186 [komodo dragon (4)]
 17982 | Lair:5   | Slain by a komodo dragon

Illustrated notes

Levels and vault maps discovered:
D:1:      amcnicky_arrival_flooded_fountain, layout_loops_corners,
          serial_forest, infiniplex_forest_clump_C,
          infiniplex_forest_clump_curved, infiniplex_forest_clump_tiny,
          infiniplex_forest_zigzag_1, infiniplex_forest_lined_2,
          infiniplex_forest_clump_curved
D:2:      minmay_diamond_boxcup, layout_basic
D:3:      layout_basic, slow_altar_1, hellmonk_ecumenical_altar_slurped_away,
          serial_shops, nicolae_shop_behind_doors, moated_statue
D:4:      layout_cave_pods, serial_shops, kennysheep_little_box,
          minmay_quadrilaterals, uniq_ijyb, uniq_menkaure
D:5:      layout_rooms, bloody_trog, mainiacjoe_overflow_catwalk,
          nicolae_ossuary_entry_giza, uniq_eustachio, uniq_edmund
D:6:      layout_cave_pools, jmf_multi_god_temple2,
          minmay_fractal_squares_diagonal_5
D:7:      gammafunk_the_bubble [the_bubble_gammafunk_crates], layout_basic,
          minmay_temple_entry_poolview, serial_shops, shop, kennysheep_potato
D:8:      layout_basic, overflow_temple_1_default,
          nicolae_overflow_crystal_walls
D:9:      layout_loops_cross, lemuel_zombie_altar_kikubaaqudgha, tgw_xom,
          uniq_prince_ribbit1
D:10:     layout_basic, dpeg_lair_monsters, uniq_maurice
D:11:     cheibrodos_lost_city_excavation, layout_layer_cave
Temple:   hellmonk_temple_divided_pantheon
Lair:1:   layout_cave_pods, nicolae_lair_run_with_the_wolves
Lair:2:   layout_big_grid, guppyfry_snake_entry_garden,
          chequers_serial_rivers_small_a, grunt_megastairs_5
Lair:3:   layout_hall_layers, minmay_shoals_entry_centaurs,
          chequers_serial_rivers_micro_c, chequers_serial_rivers_large_b,
          infiniplex_staircase_pool, serial_bayou_shore_b
Lair:4:   layout_layer_cave, slime_entry_1, serial_bayou_shore_b
Lair:5:   cheibrodos_lair_end_hotspot, layout_regular_city, serial_bayou_shore_a

Skill      XL: |  1  2  3  4  5  6  7  8  9 10 11 12 13 |
---------------+----------------------------------------+-----
Axes           | 3 4 |  4.1
Fighting       | 4 5 6 7 8 10 12 14 | 14.1
Shields        | 4 5 6 8 9 11 12 | 12.9
Armour         | 4 5 6 7 8 9 10 11 | 11.0
Polearms       | 1 2 4 5 7 9 11 13 14 15 | 15.6
Dodging        | |  0.4
Stealth        | |  0.1

Action                   |  1- 3 |  4- 6 |  7- 9 | 10-12 | 13-15 || total
-------------------------+-------+-------+-------+-------+-------++-------
Melee: War axe           |    83 |       |       |       |       ||    83
       Spear             |       |   250 |   344 |       |       ||   594
       Trident           |       |       |   115 |   865 |   475 ||  1455
Invok: Trog's Hand       |       |       |       |     2 |       ||     2
  Use: Scroll            |       |    12 |     7 |    12 |     4 ||    35
       Potion            |       |       |     4 |     1 |     1 ||     6
 Stab: Distracted        |       |     1 |       |       |       ||     1
       Invisible         |       |       |       |     1 |       ||     1
       Petrifying        |       |       |       |       |     1 ||     1
       Petrified         |       |       |       |       |     1 ||     1
Armor: Scale mail        |    39 |    67 |   139 |       |       ||   245
       Ring mail         |       |       |    50 |   298 |   227 ||   575
       Skin              |       |       |       |       |     9 ||     9
Dodge: Dodged            |    32 |    64 |   183 |   201 |   153 ||   633
Block: Buckler           |    19 |    50 |   100 |    18 |       ||   187
       Reflection        |       |       |     1 |       |       ||     1
       Kite shield       |       |       |       |   258 |   186 ||   444
       Tower shield      |       |       |       |       |    39 ||    39
